 Dungeon Crawl Stone Soup version 0.23.0 (webtiles) character file.

Game seed: 2278183418848288906

3185 Infinimo the Carver (level 10, -4/69 HPs)
             Began as a Halfling Berserker on Feb 9, 2019.
             Was an Elder of Trog.
             Slain by an eight-headed hydra (5 damage)
             ... on level 8 of the Dungeon.
             The game lasted 00:08:08 (7227 turns).

Infinimo the Carver (Halfling Berserker)            Turns: 7227, Time: 00:08:09

Health: -4/69      AC:  9    Str: 18    XL:     10   Next: 16%
Magic:  10/10      EV: 16    Int:  6    God:    Trog [****..]
Gold:   489        SH:  0    Dex: 17    Spells: 9/9 levels left

rFire    + . .     SeeInvis .   a - +5 scimitar (holy)
rCold    . . .     Gourm    .   (shield restricted)
rNeg     + . .     Faith    .   r - +0 fire dragon scales
rPois    .         Spirit   .   (no helmet)
rElec    .         Reflect  .   (no cloak)
rCorr    .         Harm     .   (no gloves)
MR       .....                  (no boots)
Stlth    ..........             C - amulet of regeneration
HPRegen  0.61/turn              g - ring of ice
MPRegen  0.12/turn              s - ring of positive energy

@: no status effects
A: small, mutation resistance 1
a: Berserk, Trog's Hand, Brothers in Arms, Renounce Religion


You were on level 8 of the Dungeon.
You worshipped Trog.
Trog was greatly pleased with you.
You were hungry.

You visited 2 branches of the dungeon, and saw 9 of its levels.

You collected 489 gold pieces.

Inventory:

Hand Weapons
 a - a +5 scimitar of holy wrath (weapon)
Armour
 r - +0 fire dragon scales (worn)
Jewellery
 g - a ring of ice (left hand)
 s - a ring of positive energy (right hand)
 C - an amulet of regeneration (around neck)
Wands
 t - a wand of digging (11)
 u - a wand of acid (5)
Scrolls
 b - a scroll of enchant weapon
 e - a scroll of fog
 k - a scroll of teleportation
 p - 6 scrolls of remove curse
 v - 2 scrolls of identify
Potions
 d - 3 potions of resistance
 f - a potion of mutation {unknown}
 h - a potion of might
 i - a potion of cancellation {unknown}
 j - 8 potions of curing
 l - 2 potions of brilliance {unknown}
 m - 4 potions of flight
 n - a potion of magic {unknown}
 o - a potion of agility {unknown}
 q - 2 potions of heal wounds {unknown}
 w - a potion of invisibility {unknown}
Comestibles
 c - 3 rations


   Skills:
 + Level 6.7 Fighting
 * Level 10.0 Long Blades
 + Level 3.0 Armour
 + Level 7.6 Dodging


You had 9 spell levels left.
You didn't know any spells.
Your spell library was empty.

Dungeon Overview and Level Annotations

Branches:
Dungeon (8/15)             Temple (1/1) D:4
   Lair: D:8-11

Altars:
Makhleb
Okawaru


Innate Abilities, Weirdness & Mutations

You are small and have problems with some larger weapons.
You are somewhat resistant to further mutation.


Message History

The crimson imp blinks!
The sky beast is lightly wounded.
The sky beast flickers out of sight!
Something closely misses you.
The crimson imp blinks!
You kill the crimson imp!
Trog accepts your kill.
You fail to use your ability.
The eight-headed hydra bites you. x2
The eight-headed hydra bites you! The eight-headed hydra bites you.
Unknown command.
Unknown command.
You fail to use your ability.
The eight-headed hydra bites you. The eight-headed hydra bites you! x3
* * * LOW HITPOINT WARNING * * *
The eight-headed hydra bites you!
* * * LOW HITPOINT WARNING * * *
Unknown command.
As you read the scroll labeled ZUALOIBYMU, it crumbles to dust.
You feel aware of your surroundings.
It was a scroll of magic mapping.
The eight-headed hydra bites you.
You die...

,* **,,,**,********## *,* ,*
*,,,*,,,,,,,,,..# *,*
,*******,,,*,,****####.# *,*
,,,,,,,,,,,,,,,,,,,..#.# *,*
,,,,******+**,,****#.#.# *,*
,,,,*****,,,*,,* #...# *,*
,,,,+,,,*,8,*,,* #...###*,###**
*,,,*********,,#####.....#,....,,
*,,,****** #..#@D)5.#.#.#..###**
*,,,,,,,,* #..#.###.#o#...§...*
**,,,,,,,* #..#.# ###.........*
*,,,,,,,***#..#.###..Y.D......*
*,,,,,,,,,,#..#...#.##.#.§5...*
*****,,,,,,#..##.##.##.##..###*
*,,,,,,#..#.....##.#*..# *
*,,,,,,#....#####...*,.# *
*******#.##.#****...#..# *


You could see an eight-headed hydra and a crimson imp.

Vanquished Creatures
  Pikel (D:6)
  A hippogriff (D:8)
  Edmund (D:6)
  An ice beast (D:5)
  2 orc warriors (D:7)
  A sky beast (D:5)
  5 ogres
  4 centaurs
  3 bullfrogs
  Blork the orc (D:6)
  A water moccasin zombie (D:7)
  2 scorpions
  2 crimson imps
  3 hounds
  2 bullfrog zombies
  3 iron imps (D:6)
  5 orc priests
  A bullfrog skeleton (D:7)
  A centaur skeleton (D:4)
  A jelly (D:8)
  4 orc wizards
  Ijyb (D:5)
  5 worker ants
  A worker ant zombie (D:6)
  8 adders
  A shadow imp (D:7)
  A worm (D:2)
  5 dart slugs
  2 leopard geckos
  19 orcs
  6 bats
  4 giant cockroaches
  4 goblins
  5 hobgoblins
  15 jackals
  2 quokkas (D:6)
  5 frilled lizards
  A jackal zombie (D:6)
  8 kobolds
  2 rats (D:1)
140 creatures vanquished.

Notes
Turn   | Place    | Note
-------+----------+-------------------------------------------
     0 | D:1      | Infinimo the Halfling Berserker began the quest for the
                  | Orb.
     0 | D:1      | Reached XP level 1. HP: 15/15 MP: 1/1
   187 | D:1      | Reached XP level 2. HP: 19/20 MP: 2/2
   401 | D:1      | Reached XP level 3. HP: 21/25 MP: 3/3
   676 | D:1      | Reached ** piety under Trog
  1259 | D:2      | Reached XP level 4. HP: 31/31 MP: 4/4
  1317 | D:2      | Reached skill level 4 in Long Blades
  2142 | D:3      | Reached XP level 5. HP: 31/36 MP: 5/5
  2717 | D:3      | Found an iron altar of Okawaru.
  2956 | D:3      | Noticed an ogre
  2960 | D:3      | Reached XP level 6. HP: 41/42 MP: 6/6
  2965 | D:3      | Killed an ogre
  2965 | D:3      | Reached skill level 5 in Long Blades
  3352 | D:4      | Reached XP level 7. HP: 48/48 MP: 7/7
  3534 | D:4      | Found a staircase to the Ecumenical Temple.
  3608 | D:4      | Reached *** piety under Trog
  4185 | Temple   | Entered the Ecumenical Temple
  4312 | D:5      | Entered Level 5 of the Dungeon
  4368 | D:5      | Reached skill level 6 in Long Blades
  4613 | D:5      | Noticed Ijyb
  4620 | D:5      | Paralysed by Ijyb for 6 turns
  4629 | D:5      | Killed Ijyb
  4813 | D:5      | Reached XP level 8. HP: 33/54 MP: 8/8
  5172 | D:6      | Noticed Blork the orc
  5185 | D:6      | Killed Blork the orc
  5185 | D:6      | Reached skill level 5 in Dodging
  5247 | D:5      | Reached skill level 7 in Long Blades
  5459 | D:6      | Reached skill level 5 in Fighting
  5771 | D:6      | Noticed Edmund
  5772 | D:6      | Noticed Pikel
  5854 | D:6      | Killed Pikel
  5854 | D:6      | Reached skill level 8 in Long Blades
  5854 | D:6      | Reached XP level 9. HP: 62/62 MP: 9/9
  5856 | D:6      | Killed Edmund
  5929 | D:6      | Found a burning altar of Makhleb.
  6293 | D:7      | Reached skill level 9 in Long Blades
  6382 | D:7      | Reached **** piety under Trog
  6946 | D:8      | Reached XP level 10. HP: 69/69 MP: 10/10
  7098 | D:8      | Noticed an eight-headed hydra
  7103 | D:8      | Reached skill level 10 in Long Blades
  7226 | D:8      | HP: 1/69 [eight-headed hydra (12)]
  7227 | D:8      | Slain by an eight-headed hydra

Skill      XL: |  1  2  3  4  5  6  7  8  9 10 |
---------------+-------------------------------+-----
Fighting       | 3 4 5 6 |  6.7
Long Blades    | 4 5 6 8 9 10 | 10.0
Dodging        | 3 4 6 7 |  7.6
Armour         | 3 |  3.0

Action                   |  1- 3 |  4- 6 |  7- 9 | 10-12 || total
-------------------------+-------+-------+-------+-------++-------
Melee: Falchion          |    77 |   137 |     6 |       ||   220
       Long sword        |       |       |   111 |       ||   111
       Scimitar          |       |       |    77 |    24 ||   101
Invok: Berserk           |     3 |    11 |     7 |     2 ||    23
  Use: Scroll            |       |     4 |     8 |     1 ||    13
 Stab: Sleeping          |     1 |       |       |       ||     1
  Eat: Chunk             |     3 |    12 |     9 |     3 ||    27
       Ration            |       |     2 |     2 |       ||     4
Armor: Animal skin       |    12 |    16 |       |       ||    28
       Fire dragon scale |       |    14 |    59 |    15 ||    88
Dodge: Dodged            |    72 |   110 |   137 |    32 ||   351
       Rpst.: Falchion   |    23 |    34 |     1 |       ||    58
       Long sword        |       |       |    20 |       ||    20
       Scimitar          |       |       |    21 |     9 ||    30
